 Dungeon Crawl Stone Soup version 0.17-a0-1804-gf6433eb (webtiles) character file.

89264 wvc the Nimble (level 16, 0/130 HPs)
             Began as a Human Wanderer on Sept 11, 2015.
             Was the Champion of Cheibriados.
             Slain by a quicksilver dragon skeleton (5 damage)
             ... on level 1 of the Abyss.
             The game lasted 01:56:25 (29396 turns).

wvc the Nimble (Human Wanderer)                    Turns: 29396, Time: 01:56:26

Health: 0/130      AC:  8    Str: 28    XL:     16   Next: 43%
Magic:  28/28      EV: -1    Int: 32    God:    Cheibriados [******]
Gold:   1942       SH:  0    Dex: 36    Spells: 6 memorised, 10 levels left

rFire  + . .     SeeInvis .       - Unarmed
rCold  + . .     Clarity  .     a - +2 robe {rC+ rF+}
rNeg   + + +     SustAt   .     (shield currently unavailable)
rPois  ∞         Gourm    .     m - +2 hat
rElec  .         Spirit   .     o - +0 cloak
rCorr  .         Warding  .     (gloves currently unavailable)
rMut   .         Rnd*Tele +     (no boots)
MR     +....                    (no amulet)
Stlth  +++.......               g - ring of teleportation
                                p - ring of Lociarch {rPois Dex+4}

@: blade hands, petrified, constricted, repel missiles, very slow, somewhat
resistant to hostile enchantments, fairly stealthy
A: talons 1, yellow scales 1, agile 1, deformed body, poison resistance
a: End Transformation, Bend Time, Temporal Distortion, Slouch, Step From Time,
Renounce Religion, Evoke Teleportation


You were on level 1 of the Abyss.
You worshipped Cheibriados.
Cheibriados was exalted by your worship.
You were not hungry.
You had blades for hands.
You visited 4 branches of the dungeon, and saw 25 of its levels.
You visited the Abyss 1 time.
You also visited: Ossuary.

You collected 2332 gold pieces.
You spent 390 gold pieces at shops.

Inventory:

Hand weapons
 R - the +6 long sword of Generosity (melded) {flame, rElec Str+4}
   (You found it on level 1 of the Lair of Beasts)

   It has been specially enchanted to burn those struck by it, causing extra
   injury to most foes and up to half again as much damage against particularly
   susceptible opponents.
   Big, fiery blades are also staple armaments of hydra-hunters.
   It affects your strength (+4).
   It insulates you from electricity.
Missiles
 D - 2 throwing nets (quivered)
Armour
 a - a +2 robe of resistance (worn)
 m - a +2 hat (worn)
 o - a +0 cloak (worn)
 z - a +0 pair of gloves (melded)
 G - a +2 robe of the Archmagi
 H - the +4 ring mail of the Vacuum {Dex+5}
   (You found it on level 1 of the Abyss)

   It affects your dexterity (+5).
 P - a troll hide
Magical staves
 L - an uncursed staff of cold
Jewellery
 g - a ring of teleportation (right scythe-like blade)
 k - an uncursed ring of protection from magic
 l - an uncursed ring of positive energy
 p - the ring of Lociarch (left scythe-like blade) {rPois Dex+4}
   (You found it on level 8 of the Lair of Beasts)

   [ring of poison resistance]

   It affects your dexterity (+4).
   It protects you from poison.
 s - an uncursed amulet of stasis
 S - an uncursed ring of invisibility
Magical devices
 n - a wand of disintegration (6)
 u - a wand of paralysis (11)
 v - a wand of frost (20)
 w - a wand of confusion (20)
 N - a wand of draining (9)
Scrolls
 f - 3 scrolls of enchant armour
 r - 2 scrolls of teleportation
 t - 6 scrolls of amnesia
 y - 7 scrolls of magic mapping
 B - 2 scrolls of fear
 I - 7 scrolls of remove curse
 J - a scroll of holy word
 M - 2 scrolls of enchant weapon
 Q - 3 scrolls of recharging
 X - 2 scrolls of noise
Potions
 i - 6 potions of resistance
 j - 6 potions of curing
 q - a potion of lignification
 x - 2 potions of agility
 A - a potion of berserk rage {unknown}
 C - 3 potions of brilliance
 F - 4 potions of cancellation
 K - 2 potions of invisibility
 Y - 2 potions of might
 Z - a potion of flight
Books
 b - a book of Death

   Spells                             Type                      Level
   a - Corpse Rot                     Necromancy                   2
   b - Sublimation of Blood           Necromancy                   2
   c - Agony                          Necromancy                   5
   d - Dispel Undead                  Necromancy                   5
   e - Excruciating Wounds            Charms/Necromancy            5
   f - Bolt of Draining               Conjuration/Necromancy       5
 d - a book of Clouds

   Spells                             Type                      Level
   a - Mephitic Cloud                 Conjuration/Poison/Air       3
   b - Conjure Flame                  Conjuration/Fire             3
   c - Poisonous Cloud                Conjuration/Poison/Air       6
   d - Freezing Cloud                 Conjuration/Ice/Air          6
   e - Ring of Flames                 Charms/Fire                  7
 h - a book of Fire

   Spells                             Type                      Level
   a - Ignite Poison                  Fire/Transmutation/Poison    3
   b - Fireball                       Conjuration/Fire             5
   c - Bolt of Fire                   Conjuration/Fire             6
   d - Delayed Fireball               Conjuration/Fire             7
   e - Ring of Flames                 Charms/Fire                  7
 T - a book of Frost

   Spells                             Type                      Level
   a - Freeze                         Ice                          1
   b - Throw Frost                    Conjuration/Ice              2
   c - Ozocubu's Armour               Charms/Ice                   3
   d - Throw Icicle                   Conjuration/Ice              4
   e - Summon Ice Beast               Ice/Summoning                4
   f - Condensation Shield            Ice                          4
 U - a book of Air

   Spells                             Type                      Level
   a - Shock                          Conjuration/Air              1
   b - Swiftness                      Charms/Air                   2
   c - Repel Missiles                 Charms/Air                   2
   d - Static Discharge               Conjuration/Air              3
   e - Lightning Bolt                 Conjuration/Air              5
 V - a book of Conjurations

   Spells                             Type                      Level
   a - Magic Dart                     Conjuration                  1
   b - Searing Ray                    Conjuration                  2
   c - Dazzling Spray                 Conjuration/Hexes            3
   d - Fulminant Prism                Conjuration/Hexes            4
   e - Iskenderun's Mystic Blast      Conjuration                  4
   f - Iskenderun's Battlesphere      Conjuration/Charms           5
Miscellaneous
 E - a lamp of fire
Comestibles
 c - 3 meat rations
 e - 8 bread rations


   Skills:
 + Level 13.1 Fighting
   Level 1.0 Maces & Flails
 - Level 14.3 Dodging
 - Level 1.0 Stealth
 - Level 8.8 Unarmed Combat
 + Level 8.1 Spellcasting
 + Level 1.7 Charms
 * Level 12.0 Transmutations
 + Level 6.3 Ice Magic
 + Level 0.2 Air Magic
 - Level 5.2 Poison Magic
 - Level 8.9 Invocations
 - Level 3.0 Evocations


You had 10 spell levels left.
You knew the following spells:

 Your Spells              Type           Power        Failure   Level  Hunger
a - Blade Hands           Trmt           ######....   14%         5    ####...
b - Ozocubu's Armour      Chrm/Ice       #####...     21%         3    None
c - Spider Form           Trmt/Pois      ######....   12%         3    None
d - Ice Form              Ice/Trmt       ######..     14%         4    None
e - Repel Missiles        Chrm/Air       ###...       32%         2    None
f - Condensation Shield   Ice            ######....   28%         4    None


Dungeon Overview and Level Annotations

Branches:
Dungeon (12/15)            Temple (1/1) D:4            Lair (8/8) D:11
  Swamp (0/4) Lair:5        Snake (0/4) Lair:5        Slime (0/6) Lair:7
    Orc (4/4) D:12
    Elf: Orc:3-4

Altars:
Ashenzari
Cheibriados
Dithmenos
Elyvilon
Fedhas
Gozag
Kikubaaqudgha
Makhleb
Nemelex Xobeh
Okawaru
Qazlal
Ru
Sif Muna
Trog
Vehumet
Xom
Yredelemnul
Zin
The Shining One
Jiyva

Shops:
D:11 !   Orc:4 (

Annotations:
D:6 exclusion: statue
D:11 exclusion: door
Lair:2 exclusion: electric eel
Lair:3 exclusions: 4 electric eels and 1 more exclusion


Innate Abilities, Weirdness & Mutations

You have sharp toenails.
You are partially covered in yellow scales (AC +2).
You are agile. (Dex +2)
Armour fits poorly on your strangely shaped body.
Your system is resistant to poisons.


Message History

* * * LOW HITPOINT WARNING * * *
x2 The tentacled monstrosity constricts you.
The quicksilver dragon skeleton bites you!
* * * LOW HITPOINT WARNING * * *
The quicksilver dragon skeleton claws you!
* * * LOW HITPOINT WARNING * * *
The hellwing hits you.
* * * LOW HITPOINT WARNING * * *
The hellwing hits you.
* * * LOW HITPOINT WARNING * * *
The tentacled monstrosity tentacle-slaps you but does no damage.
The tentacled monstrosity tentacle-slaps you!
* * * LOW HITPOINT WARNING * * *
The tentacled monstrosity tentacle-slaps you but does no damage.
* * * LOW HITPOINT WARNING * * *
The tentacled monstrosity constricts you!
The quicksilver dragon skeleton bites you!
* * * LOW HITPOINT WARNING * * *
The quicksilver dragon skeleton claws you!
You die...

......#.#....
##......#... ....
.. .... #...###...#
# ....###...#.....
.#.#.#.##..........
........#.........
######.......... .
#.........# . ..
#.##.X@## ###
###..Z.4#
....##...... ..##.
......... .
...........
....#...#.....
##.#....###...#
..##.... ....


You could see a tentacled monstrosity, a hellwing and a quicksilver dragon
skeleton.

Vanquished Creatures
  A lich (Abyss:1)
  3 tentacled starspawn (Abyss:1)
  Gastronok (Lair:1)
  An orc warlord (Orc:3)
  A cacodemon (Abyss:1)
  A dire elephant (Lair:3)
  A fire dragon (Lair:8)
  9 hydras
  An ice dragon (Lair:8)
  A tengu warrior (D:11)
  An orc high priest (Orc:4)
  A hell hog (Abyss:1)
  Urug (Lair:1)
  Sonja (Lair:4)
  Nergalle (Lair:1)
  3 skeletal warriors (D:12)
  2 unseen horrors
  A fire crab (Lair:8)
  4 hill giants
  2 lindwurms
  An ugly thing (D:12)
  3 orc knights (Orc:3)
  4 griffons
  An orc sorcerer (Orc:1)
  A worldbinder (Abyss:1)
  A cyclops (D:12)
  2 smoke demons (Abyss:1)
  10 elephants
  2 centaur zombies
  An orange demon (Abyss:1)
  Psyche (D:8)
  5 torpor snails (Lair:8)
  A gargoyle (D:12)
  12 spiny frogs
  A centaur skeleton (D:11)
  15 komodo dragons
  The ghost of emiel the Firebug, an experienced DsFE (D:5)
  A tormentor (Abyss:1)
  2 ancient zymes (Abyss:1)
  8 fire drakes
  A tengu conjurer (D:11)
  3 trolls
  The ghost of LordBones the Shield-Bearer, an average HuFi (D:4)
  3 giant leeches (Lair:8)
  A trapdoor spider zombie (D:11)
  A two-headed ogre (D:10)
  24 blink frogs
  A trapdoor spider (D:9)
  61 yaks
  8 wyverns
  A shadow (D:11)
  2 basilisks
  4 mottled dragons
  11 hippogriffs
  3 steam dragons
  17 wolves
  A neqoxec (Abyss:1)
  5 nagas (Lair:5)
  5 wargs
  3 hungry ghosts
  13 porcupines
  A soldier ant (D:12)
  13 water moccasins
  A sky beast (D:11)
  A large abomination (Abyss:1)
  An eye of draining (D:9)
  17 orc warriors
  A black bear (Lair:1)
  2 ice beasts
  7 ogres
  A phantom (D:5)
  A swamp drake (Lair:5)
  4 wasps
  6 centaurs
  4 brain worms (Lair:8)
  30 crocodiles
  20 giant frogs
  2 small abominations (Abyss:1)
  3 water moccasin zombies (Ossuary)
  A wyvern skeleton (D:11)
  4 scorpions
  6 killer bees (D:11)
  5 electric eels
  A quasit (D:6)
  4 wights (D:10)
  5 crimson imps
  5 hounds
  34 orc priests
  20 orc wizards
  A giant frog zombie (D:7)
  A gnoll shaman (D:8)
  8 iguanas
  5 jellies
  2 giant frog skeletons
  7 hell rats (Lair:6)
  Terence (D:3)
  7 worker ants
  A killer bee zombie (D:7)
  4 big kobold zombies (Ossuary)
  15 sheep
  2 mummies (Ossuary)
  A hound skeleton (D:6)
  2 worker ant zombies
  12 adders
  4 gnolls (D:8)
  87 river rats
  A white imp (Abyss:1)
  6 shadow imps
  An ufetubus (Abyss:1)
  2 oozes
  An adder skeleton (D:7)
  4 adder zombies
  20 worms
  5 giant geckos
  102 orcs
  6 bats
  7 giant cockroaches
  3 gnoll zombies (Ossuary)
  5 hobgoblins
  7 jackals
  9 kobolds
  4 quokkas
  3 giant newts
  8 goblins
  4 hobgoblin zombies (Ossuary)
  7 kobold zombies (Ossuary)
  6 orc zombies (Ossuary)
  A quokka skeleton (D:6)
  3 quokka zombies
  5 rats
  A plant (D:11)
860 creatures vanquished.

Vanquished Creatures (others)
  An orc wizard (Orc:2)
  8 bushes (Lair:8)
  59 fungi
  75 plants
  3 starspawn tentacles (Abyss:1)
  8 starspawn tentacle segments (Abyss:1)
  13 toadstools (Lair:3)
167 creatures vanquished.

Grand Total: 1027 creatures vanquished

Notes
Turn   | Place    | Note
--------------------------------------------------------------
     0 | D:1      | wvc the Human Wanderer began the quest for the Orb.
     0 | D:1      | wvc set off with: a book of Changes, the Disquisition on Clay, a +0 mace, a +0 robe, a bread ration
     0 | D:1      | Reached XP level 1. HP: 16/16 MP: 5/5
     0 | D:1      | Identified the Disquisition on Clay
     2 | D:1      | Learned a level 1 spell: Beastly Appendage
   351 | D:1      | Reached XP level 2. HP: 11/22 MP: 7/7
   361 | D:1      | Learned a level 2 spell: Sticks to Snakes
   957 | D:1      | Reached skill level 1 in Unarmed Combat
  1219 | D:1      | Reached XP level 3. HP: 18/27 MP: 5/8
  1547 | D:1      | Learned a level 3 spell: Spider Form
  2187 | D:2      | Reached skill level 1 in Dodging
  2187 | D:2      | Reached XP level 4. HP: 20/33 MP: 8/10
  2308 | D:2      | Learned a level 4 spell: Ice Form
  2326 | D:2      | Found a basalt altar of Yredelemnul.
  3068 | D:3      | HP: 1/33 [poisoned by an adder]
  3956 | D:3      | Noticed Terence
  3964 | D:3      | Killed Terence
  3964 | D:3      | Reached XP level 5. HP: 38/38 MP: 2/11
  4081 | D:3      | Reached skill level 1 in Poison Magic
  4765 | D:4      | Reached skill level 6 in Unarmed Combat
  4765 | D:4      | Reached skill level 7 in Transmutations
  4765 | D:4      | Reached XP level 6. HP: 44/50 MP: 12/12
  4905 | D:4      | Noticed LordBones's ghost (average HuFi)
  5097 | D:4      | Killed LordBones's ghost
  5097 | D:4      | Reached XP level 7. HP: 48/55 MP: 8/13
  5545 | D:4      | Found a staircase to the Ecumenical Temple.
  5563 | Temple   | Entered the Ecumenical Temple
  5690 | Temple   | Became a worshipper of Cheibriados the Contemplative
  5763 | D:5      | Entered Level 5 of the Dungeon
  5884 | D:5      | Found a shimmering altar of Xom.
  5889 | D:5      | Noticed emiel's ghost (experienced DsFE)
  5905 | D:5      | Killed emiel's ghost
  5905 | D:5      | Reached skill level 8 in Transmutations
  5905 | D:5      | Reached skill level 5 in Poison Magic
  5905 | D:5      | Reached XP level 8. HP: 22/61 MP: 11/14
  6173 | D:5      | Learned a level 5 spell: Blade Hands
  6612 | D:5      | Acquired Cheibriados's first power
  7080 | D:6      | Found a radiant altar of Vehumet.
  7113 | D:6      | Reached XP level 9. HP: 67/67 MP: 11/15
  7136 | D:6      | Found a sacrificial altar of Ru.
  7136 | D:6      | Found a stormy altar of Qazlal.
  7584 | D:6      | Found an ancient bone altar of Kikubaaqudgha.
  7994 | D:7      | Found a sand-covered staircase.
  8002 | Ossuary  | Entered an ossuary
  8208 | Ossuary  | Acquired Cheibriados's second power
  8988 | D:8      | Found a sparkling altar of Nemelex Xobeh.
  9013 | D:8      | Found a deep blue altar of Sif Muna.
  9156 | D:8      | Found a glowing golden altar of the Shining One.
  9156 | D:8      | Found a shadowy altar of Dithmenos.
  9324 | D:8      | Noticed Psyche
  9335 | D:8      | Killed Psyche
  9335 | D:8      | Reached skill level 5 in Ice Magic
  9335 | D:8      | Reached XP level 10. HP: 51/73 MP: 15/17
  9374 | D:8      | Noticed a centaur zombie
  9388 | D:8      | Killed a centaur zombie
  9388 | D:8      | Reached skill level 5 in Spellcasting
  9529 | D:8      | Reached skill level 9 in Transmutations
  9805 | D:8      | Acquired Cheibriados's third power
 10047 | D:9      | Found a burning altar of Makhleb.
 10133 | D:9      | Found an iron altar of Okawaru.
 10133 | D:9      | Found a white marble altar of Elyvilon.
 10355 | D:9      | Wingboner: Чеимутеры вперде!
 10355 | D:9      | wvc: никогда трансмутерами не получалось игорать
 10355 | D:9      | Wingboner: Это потому что ты додж не качаешь.
 10355 | D:9      | wvc: Что после стартовой книги делать?
 10356 | D:9      | Wingboner: Тебе сейчас надо выключить всё нахрен и качать додж.
 10356 | D:9      | wvc: вот армор не качаю, это печально
 10356 | D:9      | Wingboner: Армор пока нинужен, главное додж. Много доджа.
 10356 | D:9      | wvc: сколько, например? десяточку?
 10356 | D:9      | Wingboner: Скорее 15.
 10356 | D:9      | wvc: А как же анарм?
 10356 | D:9      | Wingboner: А зачем он тебе сейчас? Чеи даёт дофига урона.
 10407 | D:9      | Reached skill level 5 in Dodging
 10409 | D:9      | Wingboner: А ещё Чеи даёт дофига агилы, и вот эта агила как раз с доджем очень хорошо сочетается.
 10468 | D:9      | Wingboner: Быстренько EV до тридцаточки догонишь, жить станет намного проще.
 10540 | D:9      | wvc: как там сделать чтобы предупреждение об окончании формы давало?
 10796 | D:9      | Wingboner: more += Your transformation is almost over more += You have a feeling this form more += Your skin feels tender more += You feel yourself come back to life
 10835 | D:10     | Entered Level 10 of the Dungeon
 10861 | D:10     | Wingboner: Каждое с новой строки.
 10872 | D:10     | Wingboner: Ой, то есть не просто more тебе, у тебя ж основы нет.
 10872 | D:10     | Wingboner: Тебе вместо more надо force_more_message
 10872 | D:10     | wvc: ножницы збс уже?
 10879 | D:10     | Reached XP level 11. HP: 40/78 MP: 14/19
 10893 | D:10     | Wingboner: Паук, ножницы и лёд применять надо каждое в своё время.
 11084 | D:10     | Wingboner: Они все по-своему применимы.
 11118 | D:10     | Noticed a hill giant
 11120 | D:10     | wvc: БЛЯДЬ
 11120 | D:10     | wvc: ОБОСРАЛСЯ С ЭТОГО ГИГАНТА
 11120 | D:10     | wvc: ХУЛИ ОН ТАКОЙ СТРАШНЫЙ?!
 11120 | D:10     | Wingboner: Я, кстати, сейчас как раз чеимутером играл, устал, зашёл тебя посмотреть.
 11125 | D:10     | Killed a hill giant
 11214 | D:10     | Acquired Cheibriados's fourth power
 11217 | D:10     | Wingboner: http://dobrazupa.org/morgue/casual/casual.txt
 11236 | D:10     | wvc: Э, чо за шляпа у тебя? Подделка что-ли?
 11236 | D:10     | Wingboner: Гигант работает промоутером кирпичной фабрики.
 11236 | D:10     | Wingboner: Нет, я же играю в 0.14, там она ещё не баффнута.
 11236 | D:10     | Wingboner: И статуя даёт -10 EV ещё.
 11236 | D:10     | wvc: :(
 11605 | D:10     | Wingboner: Обратил внимание, как быстро EV растёт? В пауке уже 31.
 11821 | D:10     | wvc: нихуя, паукан в двери может!
 11821 | D:10     | Wingboner: А у меня паукан на стены может! ^_^
 11821 | D:10     | wvc: и быстрее вроде?
 11831 | D:10     | Wingboner: Да, но я с Чеи, так что это пофигу.
 12240 | D:10     | Wingboner: Вообще, с Чеи додж это самый важный скилл.
 12240 | D:10     | wvc: крокодилы теперича в D водятся?
 12240 | D:10     | Wingboner: Т.к. больше всего профита даёт за ту же экспу.
 12265 | D:10     | Wingboner: Водятся, если зоопарк на уровне.
 12283 | D:11     | Found a staircase to the Lair.
 12284 | D:11     | Wingboner: Может, по лестнице пришёл, лол.
 12284 | D:11     | wvc: а вот и он
 12313 | D:11     | Found a blossoming altar of Fedhas.
 12398 | D:11     | Noticed a tengu warrior
 12399 | D:11     | Wingboner: Вообще, советую подключить http://crawl.akrasiac.org/rcfiles/crawl-git/HDAForceMore.rc
 12400 | D:11     | Wingboner: Все проблемы отслеживает.
 12400 | D:11     | wvc: не рановато для петуханов?
 12400 | D:11     | Wingboner: Д11 нормально.
 12665 | D:11     | Killed a tengu warrior
 12806 | D:11     | Killed an unseen horror
 12886 | D:11     | Noticed an eight-headed hydra
 12890 | D:11     | Killed an eight-headed hydra
 12890 | D:11     | Reached skill level 10 in Dodging
 12890 | D:11     | Reached XP level 12. HP: 55/85 MP: 15/20
 12905 | D:11     | Found Wuorphyre's Distillery.
 12917 | D:11     | Bought a potion of curing for 39 gold pieces
 12917 | D:11     | Bought a potion of resistance for 130 gold pieces
 12917 | D:11     | Bought a potion of heal wounds for 65 gold pieces
 12917 | D:11     | Bought a potion of heal wounds for 65 gold pieces
 12917 | D:11     | Bought a potion of curing for 39 gold pieces
 12917 | D:11     | Bought a potion of might for 52 gold pieces
 13258 | Lair:1   | Entered Level 1 of the Lair of Beasts
 13342 | Lair:1   | Noticed Urug
 13360 | Lair:1   | Wingboner: Щто ты творишь?
 13360 | Lair:1   | Noticed an eight-headed hydra
 13376 | Lair:1   | Reached skill level 11 in Dodging
 13416 | Lair:1   | Killed Urug
 13480 | Lair:1   | wvc: проёбываю HW?
 13522 | Lair:1   | Wingboner: И блинки.
 13558 | Lair:1   | Noticed Nergalle
 13559 | Lair:1   | wvc: только не эта пизда
 13559 | Lair:1   | wvc: как же я её ненавижу
 13559 | Lair:1   | Noticed Gastronok
 13560 | Lair:1   | Wingboner: Так она спит. Ставишь исключение и уходишь.
 13560 | Lair:1   | Wingboner: ...
 13560 | Lair:1   | wvc: бляяяяяя
 13560 | Lair:1   | wvc: я случайно, чесслово
 13561 | Lair:1   | Wingboner: У меня тоже она попалась на л2, я её исключил — и убил уже когда зачистил о4 и л8, и был в форме статуи.
 13574 | Lair:1   | Wingboner: Ох кого-то саммонами заспамят.
 13683 | D:11     | Wingboner: Вообще, я люблю бить её на ступеньках.
 13683 | D:11     | wvc: Хули делать теперь-то? там ещё небось и Ледяной Король ползает где-то
 13683 | D:11     | Wingboner: Как только что-то призвала неприятное — смываешь ступеньками.
 13740 | D:12     | Wingboner: Руперт где-то бродит.
 13741 | D:12     | Wingboner: И Мод.
 13841 | D:12     | Found a staircase to the Orcish Mines.
 13905 | D:12     | Reached skill level 1 in Invocations
 14010 | D:12     | Reached skill level 12 in Dodging
 14034 | D:12     | Got a smoking dagger
 14038 | D:12     | Wingboner: Вообще, ты должен сейчас без особых проблем убить Нергаль на ступеньках руками-ножницами.
 14112 | D:12     | wvc: она дверку же врубает и пздц
 14140 | D:12     | Wingboner: Либо не успеет, либо оттанкуешь.
 14140 | D:12     | Wingboner: Большой шанс, что с руками-ножницами не успеет.
 14140 | D:12     | Wingboner: Плюс у тебя есть ab.
 14140 | D:12     | Wingboner: Проматываешь время, дверь спадает.
 14140 | D:12     | Wingboner: Но это только если очень надо будет.
 14140 | D:12     | Wingboner: Ансинка? Один слауч её убивает.
 14177 | D:12     | Wingboner: Жесть.
 14177 | D:12     | wvc: блджад, они издеваются?
 14190 | D:12     | Wingboner: !!!
 14448 | D:12     | wvc: опача
 14448 | D:12     | wvc: вообще, что мутеры берут кроме мутов?
 14488 | D:12     | Wingboner: Ну, что я беру — там видно: http://dobrazupa.org/morgue/casual/casual.txt
 14670 | D:12     | Wingboner: Там уже всё собрано, кстати.
 14686 | D:12     | Noticed a skeletal warrior
 14688 | D:12     | Noticed a skeletal warrior
 14689 | D:12     | Noticed a skeletal warrior
 14699 | D:12     | Killed a skeletal warrior
 14699 | D:12     | Reached XP level 13. HP: 73/90 MP: 21/21
 14707 | D:12     | Killed a skeletal warrior
 14707 | D:12     | Reached skill level 13 in Dodging
 14719 | D:12     | Wingboner: Ещё не докачано, но уже выучено.
 14726 | D:12     | Killed a skeletal warrior
 14818 | D:11     | wvc: >conservation
 14818 | D:11     | Wingboner: А, ещё забыл — ЛРД не выучил ещё, слотов не хватает пока.
 14871 | Lair:1   | Killed Nergalle
 14889 | Lair:1   | Killed Gastronok
 14994 | Lair:1   | Wingboner: Дык, презерватива ещё не нашёл.
 14994 | Lair:1   | Wingboner: Вот нафига тебе сейчас больше анарма, скажи мне?
 14994 | Lair:1   | Wingboner: Тебе урона не хватает?
 14994 | Lair:1   | wvc: я не знаю как у него скорость атаки и урон считается
 14994 | Lair:1   | wvc: для оружейного скилла это мало
 14994 | Lair:1   | wvc: для любого оружейного
 14994 | Lair:1   | Wingboner: У него урон считается очень сильно от статов, Чеи даёт много статов => у тебя много урона уже.
 15198 | Lair:1   | Got a crude long sword
 15199 | Lair:1   | Identified the +6 long sword of Generosity {flame, rElec Str+4} (You found it on level 1 of the Lair of Beasts)
 15200 | Lair:1   | Wingboner: Теперь я понял, как люди умудряются дохнуть с Чеи.
 15200 | Lair:1   | Wingboner: Тупо не то качают.
 15200 | Lair:1   | wvc: Рарара
 15200 | Lair:1   | Wingboner: Зефирный меч.
 15201 | Lair:1   | Identified the +4 dagger "Kiadudecs" {pain, rElec rF- Int+3 Dex-4} (You found it on level 12 of the Dungeon)
 15223 | Lair:1   | Wingboner: А я б зефирный носил с собой, пожалуй. Ради рЭлека.
 15223 | Lair:1   | Wingboner: Пока статуи нет.
 15223 | Lair:1   | wvc: ну, я и мутерами даже до лейра не доходил никогда вроде бы
 15285 | Lair:1   | Reached skill level 5 in Fighting
 15285 | Lair:1   | Reached skill level 14 in Dodging
 15341 | Lair:1   | Killed an eight-headed hydra
 15540 | Lair:2   | Wingboner: Есть 30 EV без форм, я б сейчас качал инвоки до 12-14.
 15625 | Lair:2   | Wingboner: А почему ты скиллы не в ручном режиме качаешь?
 15746 | Lair:2   | wvc: Хз, с самого начала только так и играю, теперь ручное деление не нравится
 15901 | Lair:2   | Wingboner: Мне нравится, когда скиллы качаются именно так, как я хочу, а не зависимо от того, что персонаж делает.
 15915 | Lair:2   | wvc: троллёвку пилить будем?
 15915 | Lair:2   | wvc: вообще, чотам по армору у мутеров?
 15930 | Lair:2   | Wingboner: Если есть статуя, то вообще пофиг.
 15936 | Lair:2   | Reached skill level 5 in Invocations
 16102 | Lair:2   | Wingboner: Если статуи нет, то надеваешь тяжёлый армор.
 16557 | Lair:2   | Wingboner: Чеи дофига силы даёт, так что руки-ножницы плюс какой-нибудь плейт вполне офигенно работает.
 16585 | Lair:2   | wvc: упс
 16618 | Lair:2   | Wingboner: Случайно провалился в будущее.
 17079 | Lair:2   | Wingboner: Мой вон в статуе бегает поверх троллиной шкуры неулучшенной.
 17093 | Lair:2   | Wingboner: Потому что реген вне статуи и так даёт, а в статуе пофиг, улучшенная она или нет.
 17093 | Lair:2   | wvc: надеюсь, ты хотел сказать "неторопливо бродит"?
 17093 | Lair:2   | wvc: чеиты не произносят слова на букву Б
 17093 | Lair:2   | Wingboner: Кек.
 17099 | Lair:2   | Wingboner: Ничего, скоро и прыгать начнёт.
 17223 | Lair:3   | Wingboner: Кблинк уже выучен, но ещё не прокачан.
 17334 | Lair:3   | Reached XP level 14. HP: 92/103 MP: 16/22
 17662 | Lair:3   | Learned a level 2 spell: Repel Missiles
 17819 | Lair:3   | Wingboner: Напоминаю.
 17819 | Lair:3   | Wingboner: У тебя есть зефирный меч.
 17819 | Lair:3   | wvc: он жи мелдится?
 17819 | Lair:3   | Wingboner: Специально для этого случая.
 17819 | Lair:3   | wvc: или так табать?
 17819 | Lair:3   | Wingboner: Да, но ты можешь им убить.
 17864 | Lair:3   | Noticed a dire elephant
 17865 | Lair:3   | Wingboner: Понял, зачем я сказал его носить?
 17865 | Lair:3   | wvc: Уууу, и как их выманивать?
 17865 | Lair:3   | Wingboner: Просто.
 17865 | Lair:3   | wvc: apportation reasons прям
 17866 | Lair:3   | Wingboner: Выходишь наверх, вон туда прямо над ними, и кричишь.
 18089 | Lair:3   | Wingboner: Не разбудило.
 18089 | Lair:3   | Wingboner: Тогда отойди назад и крикни.
 18106 | Lair:3   | Wingboner: Не услышали.
 18111 | Lair:3   | Wingboner: Кстати, ледяная форма умеет плавать, ты знаешь?
 18111 | Lair:3   | Wingboner: Штраф на точность в воде всё равно получает, но иногда очень полезно.
 18111 | Lair:3   | wvc: представил как хуман-вандерер такой орёт накуреным голосом "АЭЭЭЭЭЭБЛЭТ!"
 18150 | Lair:3   | Wingboner: Меня другое улыбает, когда кот "You meow for attention!"
 18154 | Lair:3   | Killed a dire elephant
 18170 | Lair:3   | Got a heavily runed ruby amulet
 18175 | Lair:3   | wvc: самое главное что вот он, амулетик
 18175 | Lair:3   | Wingboner: Свитки шума я обычно подбираю, пока шоалы не зачищу.
 18175 | Lair:3   | wvc: свиток то есть, блин
 18175 | Lair:3   | Wingboner: Они же месм ломают.
 18177 | Lair:3   | Identified the amulet of the Last Wishes {Inacc MR+ Int+2} (You found it on level 3 of the Lair of Beasts)
 18553 | Lair:4   | Wingboner: Вулканчик.
 18796 | Lair:4   | Noticed Sonja
 18797 | Lair:4   | Wingboner: Не пойдёшь в вулкан?
 18797 | Lair:4   | wvc: в айсформе?
 18797 | Lair:4   | Wingboner: Кек.
 18813 | Lair:4   | Wingboner: !!!
 18818 | Lair:4   | Killed Sonja
 18855 | Lair:4   | Wingboner: Это было охренеть как рискованно.
 18922 | Lair:4   | wvc: не, я видел что у неё дрейн же
 18922 | Lair:4   | Wingboner: в форме паука лезть на кураре
 18922 | Lair:4   | wvc: а, ты про это
 19033 | Lair:4   | Wingboner: А если б дисторт, то вообще самоубийство.
 19565 | Lair:5   | wvc: да йопт
 19565 | Lair:5   | wvc: надо айс на другую кнопку повесить
 19587 | Lair:5   | Reached skill level 10 in Fighting
 19933 | Lair:5   | Reached skill level 1 in Charms
 19936 | Lair:5   | Found a staircase to the Snake Pit.
 20191 | Lair:5   | Found a staircase to the Swamp.
 20870 | Lair:6   | Wingboner: Репел обнови.
 20987 | Lair:6   | Got a brightly glowing leather armour
 20991 | Lair:6   | Identified the +3 leather armour of Zin's Supremacy {MR+ Str+2} (You found it on level 6 of the Lair of Beasts)
 20992 | Lair:6   | wvc: оставлю пока
 20992 | Lair:6   | wvc: армор
 21222 | Lair:6   | Wingboner: Какой?
 21228 | Lair:7   | Wingboner: Я пропустил.
 21228 | Lair:7   | Wingboner: А.
 21228 | Lair:7   | wvc: Архмагия пока же затащит?
 21263 | Lair:7   | Found a staircase to the Slime Pits.
 21264 | Lair:7   | Wingboner: Да, тебе этот армор с Чеи вообще не особо полезен.
 21264 | Lair:7   | Found a viscous altar of Jiyva.
 21270 | Lair:7   | Wingboner: Ты ж тяжёлый носить можешь.
 21687 | Lair:7   | Got a brightly glowing rapier
 21690 | Lair:7   | Identified the +8 rapier "Lunutomo" {pain, rF+} (You found it on level 7 of the Lair of Beasts)
 22376 | Lair:7   | Reached XP level 15. HP: 119/119 MP: 23/23
 22424 | Lair:8   | Entered Level 8 of the Lair of Beasts
 22497 | Lair:8   | Gained mutation: You are agile. (Dex +2) [potion of mutation]
 22497 | Lair:8   | Gained mutation: You are partially covered in yellow scales (AC +2). [potion of mutation]
 22497 | Lair:8   | Gained mutation: You can spit weak poison. [potion of mutation]
 22498 | Lair:8   | Lost mutation: You can spit weak poison. [potion of mutation]
 22498 | Lair:8   | Gained mutation: You have sharp toenails. [potion of mutation]
 22498 | Lair:8   | Gained mutation: Your system is resistant to poisons. [potion of mutation]
 22499 | Lair:8   | wvc: неблохо
 22528 | Lair:8   | Wingboner: рПойз полезнее всего сейчас.
 23105 | Lair:8   | wvc: рандом намекает чтобы я шел в лёд?
 23105 | Lair:8   | wvc: сначала студёный посух, теперь это
 23206 | Lair:8   | wvc: лол
 23649 | Lair:8   | Found a runed door.
 23797 | Lair:8   | Wingboner: Кинь дамп.
 23863 | Lair:8   | Reached skill level 10 in Transmutations
 23867 | Lair:8   | Wingboner: #
 23871 | Lair:8   | Learned a level 3 spell: Ozocubu's Armour
 23876 | Lair:8   | Learned a level 4 spell: Condensation Shield
 24093 | Lair:8   | Wingboner: Ну, озо+форму понерфили, но всё равно круто.
 24099 | Lair:8   | Wingboner: Типа, статуя-лайт.
 24100 | Lair:8   | Wingboner: Фигассе ты обгнить успел.
 24102 | Lair:8   | Wingboner: А, или то у меня глюк был.
 24102 | Lair:8   | wvc: где? это когда в лёд превращаешься, что-то с максхп происходит
 24102 | Lair:8   | Wingboner: Да, я понял, то меня сглючило.
 24102 | Lair:8   | Wingboner: Там ледяной драконю
 24102 | Lair:8   | Wingboner: Ты его легко убьёшь.
 24102 | Lair:8   | wvc: Мне вроде и огненый попадался
 24138 | Lair:8   | Wingboner: Огненный в другом месте.
 24192 | Lair:8   | Wingboner: Вот здесь огненный.
 24781 | Lair:8   | Wingboner: Ледяные баффы вешаются поверх любых форм, кроме статуи.
 24781 | Lair:8   | Wingboner: То есть и на паука вешать можно озошубу и щит.
 24781 | Lair:8   | Wingboner: Весьма круто получается.
 24781 | Lair:8   | Wingboner: Щит, кстати, поверх статуи тоже вешается, но там уже лучше реальный брать
 24781 | Lair:8   | Wingboner: Т.к. статуя реальный щит не мелдит.
 24781 | Lair:8   | wvc: щас, сохранюсь
 24888 | Lair:8   | Wingboner: Мне отойти надо. Успеха.
 24889 | Lair:8   | wvc: пока
 25185 | Lair:8   | Got a slimy golden ring
 25188 | Lair:8   | Got a bloodstained ring mail
 25200 | Lair:8   | Identified the +5 ring mail "Zerifoel" {rC+} (You found it on level 8 of the Lair of Beasts)
 25212 | Lair:8   | Identified the ring of Lociarch {rPois Dex+4} (You found it on level 8 of the Lair of Beasts)
 25652 | Orc:1    | Entered Level 1 of the Orcish Mines
 27875 | Orc:4    | Entered Level 4 of the Orcish Mines
 27980 | Orc:3    | Reached XP level 16. HP: 84/129 MP: 21/26
 27986 | Orc:4    | Noticed an orc warlord
 28332 | Orc:3    | Killed an orc warlord
 28343 | Orc:4    | Found Jesady's Antique Weapon Boutique.
 28344 | Orc:4    | Cast into the Abyss (orc warrior)
 28866 | Abyss:1  | Noticed a tentacled starspawn
 28873 | Abyss:1  | Killed a tentacled starspawn
 28877 | Abyss:1  | Noticed a tentacled starspawn
 28885 | Abyss:1  | Killed a tentacled starspawn
 29232 | Abyss:1  | Noticed a tentacled starspawn
 29236 | Abyss:1  | Killed a tentacled starspawn
 29265 | Abyss:1  | Got a shimmering ring mail
 29272 | Abyss:1  | Found a corrupted altar of Lugonu.
 29292 | Abyss:1  | Identified the +4 ring mail of the Vacuum {Dex+5} (You found it on level 1 of the Abyss)
 29372 | Abyss:1  | Found a sacrificial altar of Ru.
 29384 | Abyss:1  | Gained mutation: Armour fits poorly on your strangely shaped body. [a cacodemon]
 29386 | Abyss:1  | Noticed a lich
 29388 | Abyss:1  | Noticed a tentacled monstrosity
 29390 | Abyss:1  | Killed a lich
 29396 | Abyss:1  | HP: 5/130 [quicksilver dragon skeleton (4)]
 29396 | Abyss:1  | Slain by a quicksilver dragon skeleton

Vault maps used:
D:1:      dpeg_arrival_tiny_g
D:2:      old_standard_altar, first_bread
D:3:      uniq_terence
D:4:      minmay_temple_entry_poolview
D:5:      xom_teletrap_fun
D:6:      vehumet_statue, nicolae_overflow_crystal_walls,
          gammafunk_temple_overflow_elements
D:7:      nicolae_ossuary_entry_ruins
D:8:      overflow_temple_1_default, lemuel_doored_altar,
          gammafunk_temple_overflow_pools, uniq_psyche
D:9:      lemuel_round_altar, gammafunk_temple_overflow_wave,
          hangedman_decor_clover_reticule
D:11:     dpeg_oklobed_lair, serial_shops,
          nicolae_shop_temple_entry_statues_fountains, hangedman_tree_tricks
D:12:     david_orc_1_choice, minmay_tree_intersection
Temple:   circular_temple_6
Lair:1:   hibernation_bobbens, uniq_nergalle, uniq_urug, uniq_gastronok
Lair:2:   dragon1_lemuel, beast_lair_carwin_11
Lair:3:   gammafunk_lair_enchanted_lake, nicolae_quartered_pool_super,
          beast_lair_carwin_3
Lair:4:   enter_volcano_4, beast_lair_carwin_4, uniq_sonja
Lair:5:   swamp_mist_pool, minmay_snake_entry_guardpost_medium,
          grunt_megastairs_4, serial_bayou_shore_a
Lair:6:   grunt_megastairs_3
Lair:7:   slime_altar_1, guppyfry_lair_drakes, lemuel_fruit_tree
Lair:8:   guppyfry_lair_end_dragon, wormcave, bh_autumn_forest_stairs
Orc:2:    abandoned_shop, mines2_david
Orc:3:    nicolae_orc_pool_cavern
Orc:4:    grunt_orc_gardens, grunt_orc_garden, grunt_orc_garden,
          grunt_orc_garden, grunt_orc_garden, elves_outpost_lemuel
Ossuary:  ossuary_tomb_2

Action                   |  1- 3 |  4- 6 |  7- 9 | 10-12 | 13-15 | 16-18 || total
-------------------------+-------+-------+-------+-------+-------+-------++-------
Melee: Mace              |    39 |       |       |       |       |       ||    39
       Unarmed           |    87 |   155 |   295 |   543 |  1273 |    60 ||  2413
       Long sword        |       |       |       |       |    59 |    17 ||    76
 Cast: Beastly Appendage |    21 |    16 |       |       |       |       ||    37
       Spider Form       |       |     6 |    20 |    27 |    46 |     2 ||   101
       Ice Form          |       |     1 |    13 |    30 |    57 |     1 ||   102
       Blade Hands       |       |       |       |     4 |    32 |     7 ||    43
       Repel Missiles    |       |       |       |       |     3 |       ||     3
       Ozocubu's Armour  |       |       |       |       |     4 |     1 ||     5
       Condensation Shie |       |       |       |       |     4 |       ||     4
Invok: Bend Time         |       |       |       |     1 |       |       ||     1
       Slouch            |       |       |       |     1 |     3 |       ||     4
       Step From Time    |       |       |       |       |     2 |     1 ||     3
 Abil: End Transformatio |       |       |       |     5 |    17 |     1 ||    23
       Evoke Teleportati |       |       |       |       |       |     2 ||     2
Evoke: Wand              |       |       |       |     9 |     2 |       ||    11
       Phantom mirror    |       |       |       |     1 |       |       ||     1
  Use: Scroll            |     1 |    11 |    16 |    10 |    14 |     2 ||    54
       Potion            |     1 |     1 |     1 |     9 |     6 |       ||    18
 Stab: Sleeping          |       |     2 |     8 |    10 |    11 |       ||    31
       Distracted        |       |       |     1 |     4 |     3 |     1 ||     9
       Paralysed         |       |       |       |     4 |       |       ||     4
  Eat: Pizza             |     1 |       |     1 |       |     4 |       ||     6
       Bread ration      |     1 |     1 |     1 |       |     1 |     1 ||     5
       Chunk             |       |     2 |     2 |     5 |     3 |       ||    12
       Beef jerky        |       |     1 |       |     2 |     2 |       ||     5
       Meat ration       |       |       |     2 |       |       |       ||     2
       Royal jelly       |       |       |     1 |       |     1 |       ||     2
       Fruit             |       |       |       |     4 |    20 |       ||    24
